Map: Desvio para o Azul LE

Players

Drankel

  • Race: Protoss Protoss
  • League: Silver
  • Spawn Location: 1:00

Vicster - Winner!

  • Race: Terran Terran
  • League: Gold
  • Spawn Location: 7:00

VOD

Have the link to the VOD?

Description

Time

  • Played on: Jan. 5, 2019, 8:09 a.m.
  • Length: 7:42
Show
View Real Time Build Order
Export as new Build Order

Drankel Protoss 

Build Orders: Forge Fast Expand (FFE) 

Get SALT Encoding   

  12  0:00  Probe  
  13  0:13  Probe  
  14  0:25  Probe  
  14  0:26  Pylon  
  15  0:44  Probe  
  16  0:53  Forge  
  16  1:01  Probe  
  16  1:09  Probe  
  18  1:22  Nexus  
  18  1:23  Probe  
  19  1:35  Probe  
  19  1:37  Assimilator  
  21  1:47  Probe  
  21  1:49  Photon Cannon  
  21  1:59  Probe  
  22  2:04  Assimilator  
  22  2:10  Gateway  
  22  2:11  Probe  
  22  2:22  Pylon  
  22  2:28  Probe  
  23  2:37  Pylon  
  23  2:41  Photon Cannon  
  23  2:51  Photon Cannon  
  23  2:53  Probe  
  24  3:00  Probe  
  25  3:05  Probe  
  25  3:12  Probe  
  27  3:14  Cybernetics Core  
  27  3:15  Probe  
  28  3:24  Probe  
  29  3:32  Zealot  
  31  3:36  Probe, Assimilator  
  31  3:37  Probe  
  33  3:44  Probe  
  34  3:49  Probe  
  34  3:52  Warp Gate  
  35  3:57  Gateway  
  35  4:01  Gateway  
  35  4:04  Probe  
  35  4:08  Twilight Council  
  36  4:13  Probe, Adept  
  36  4:14  Probe  
  40  4:17  Assimilator  
  40  4:21  Probe  
  40  4:22  Probe  
  40  4:31  Charge, Probe  
  42  4:32  Photon Cannon  
  42  4:38  Pylon  
  43  4:40  Probe  
  43  4:43  Probe, Stalker  
  47  4:52  Probe  
  47  4:55  Probe  
  47  4:57  Adept  
  47  4:58  Zealot  
  53  5:03  Probe  
  54  5:07  Probe  
  54  5:11  Probe  
  54  5:14  Pylon  
  55  5:17  Pylon  
  55  5:18  Stalker  
  55  5:19  Probe  
  59  5:29  Adept  
  59  5:32  Adept  
  59  5:35  Probe  
  64  5:41  Photon Cannon  
  64  5:46  Probe  
  64  5:47  Probe, Photon Cannon  
  64  5:48  Stalker  
  68  5:51  Photon Cannon  
  68  5:56  Zealot  
  70  5:58  Probe  
  70  5:59  Probe  
  70  6:16  Zealot  
  72  6:18  Zealot  
  60  6:38  Zealot  
  62  6:40  Zealot  
  59  6:58  Zealot  
  59  6:59  Zealot  
  63  7:14  Zealot  
  65  7:22  Gateway  
Show
View Real Time Build Order
Export as new Build Order

Vicster Terran - Winner!

Build Orders: Reaper Expand 

Get SALT Encoding   

  12  0:01  SCV  
  13  0:13  SCV  
  14  0:18  Supply Depot  
  14  0:25  SCV  
  15  0:39  Refinery, SCV  
  16  0:45  Barracks  
  16  0:57  SCV  
  17  1:09  SCV  
  18  1:21  SCV  
  19  1:32  Reaper  
  20  1:35  Orbital Command  
  20  1:49  Command Center  
  20  2:04  SCV  
  20  2:06  Factory  
  21  2:17  Barracks Reactor  
  21  2:20  Supply Depot  
  21  2:22  SCV  
  22  2:26  Refinery  
  22  2:46  SCV  
  23  2:58  SCV  
  23  3:01  Orbital Command  
  23  3:02  Factory Tech Lab  
  23  3:04  Marine x2  
  25  3:10  SCV  
  26  3:22  Marine x2, SCV  
  26  3:25  Supply Depot  
  29  3:27  SCV  
  29  3:33  Siege Tank  
  33  3:34  SCV  
  33  3:39  SCV  
  33  3:40  Marine x2, Starport  
  37  3:46  SCV  
  38  3:51  SCV  
  39  3:56  Supply Depot  
  39  3:57  Marine  
  39  3:58  Marine, SCV  
  42  4:03  SCV  
  42  4:07  Siege Tank  
  46  4:10  SCV  
  46  4:15  Marine x2  
  49  4:20  Starport Tech Lab  
  49  4:21  Supply Depot  
  49  4:22  SCV  
  49  4:23  SCV  
  51  4:33  Marine x2  
  51  4:35  SCV x2  
  51  4:38  Barracks  
  55  4:39  Barracks, Raven  
  55  4:44  Supply Depot  
  57  4:46  Refinery  
  57  4:47  SCV x2  
  57  4:49  Refinery  
  59  4:54  Marine x2  
  59  4:59  SCV x2  
  63  5:07  Bunker  
  63  5:12  Marine  
  64  5:28  Barracks Tech Lab x2  
  64  5:30  Siege Tank  
  64  5:32  Medivac  
  64  5:34  Marine x2  
  64  5:35  SCV x2  
  73  5:47  SCV  
  74  6:04  Marine  
  74  6:05  Marine, Marauder  
  78  6:22  Marine  
  78  6:23  Marine  
  78  6:25  Supply Depot x3, Medivac  
  78  6:26  Supply Depot  
  78  6:27  Marauder, Supply Depot  
  77  6:46  Siege Tank  
  82  6:47  Marauder  
  82  6:59  Marine x2  
  82  7:00  Marauder  
  82  7:01  Viking  
  88  7:08  Marauder  
  90  7:17  Marine x2  
  90  7:21  Marauder  
Tags
 
Add a new tag
Caveats
  • Supply blocks, unpowered buildings, or Contaminate may cause inaccurate times.
  • Supply counts are checked every 10 seconds.